Map: [ESL] Cosmic Sapphire

Players

HateMe

  • Race: Zerg Zerg
  • Spawn Location: 11:00

PtitDrogo - Winner!

  • Race: Protoss Protoss
  • Spawn Location: 5:00

Event: DreamHack SC2 Masters 2022 Atlanta (Online)

VOD

Have the link to the VOD?

Description

Time

  • Played on: Sept. 30, 2022, 12:46 p.m.
  • Length: 8:11

All games in this series

Show
View Real Time Build Order
Export as new Build Order

HateMe Zerg 

Build Orders: Hatch First 

Get SALT Encoding   

  12  0:00  Drone  
  13  0:13  Overlord  
  13  0:17  Drone  
  14  0:31  Drone x2  
  16  0:51  Hatchery  
  16  0:52  Drone  
  16  0:56  Drone  
  17  1:00  Drone  
  18  1:10  Extractor  
  17  1:16  Spawning Pool  
  16  1:19  Drone  
  16  1:23  Drone  
  18  1:29  Drone  
  19  1:39  Drone  
  20  1:50  Overlord  
  20  2:03  Queen  
  20  2:05  Queen  
  20  2:06  Zergling x2, Drone  
  26  2:16  Zergling x2, Metabolic Boost  
  26  2:17  Drone  
  28  2:23  Drone  
  28  2:24  Drone  
  30  2:37  Hatchery  
  30  2:41  Drone  
  30  2:48  Drone  
  30  2:49  Drone, Overlord  
  32  2:54  Queen  
  34  3:00  Drone x2  
  34  3:05  Spore Crawler  
  35  3:07  Spore Crawler  
  35  3:14  Queen, Overlord  
  35  3:16  Drone  
  35  3:17  Drone  
  35  3:18  Drone  
  40  3:20  Drone  
  40  3:22  Drone  
  40  3:24  Drone  
  43  3:30  Evolution Chamber  
  42  3:34  Spore Crawler  
  42  3:36  Queen  
  42  3:39  Drone  
  42  3:41  Drone  
  45  3:44  Drone x2  
  47  3:50  Drone x3  
  47  3:54  Queen  
  52  3:58  Zerg Melee Weapons Level 1  
  52  4:04  Queen  
  52  4:08  Drone x3  
  57  4:11  Overlord  
  57  4:16  Overlord  
  57  4:19  Drone  
  57  4:24  Drone x2  
  55  4:35  Drone x8  
  62  4:41  Queen  
  62  4:44  Spore Crawler  
  63  4:45  Overlord  
  63  4:46  Drone x2  
  63  4:49  Drone  
  63  4:50  Drone  
  67  4:55  Queen  
  67  4:58  Overlord  
  67  4:59  Spore Crawler  
  68  5:01  Drone x2  
  66  5:07  Drone x5  
  71  5:14  Lair  
  71  5:15  Drone x3  
  71  5:17  Drone  
  74  5:23  Drone x5  
  74  5:28  Extractor  
  78  5:30  Extractor  
  78  5:31  Extractor  
  76  5:43  Drone x3, Roach Warren  
  76  5:46  Overlord  
  76  5:47  Drone x4  
  76  5:49  Hatchery  
  81  5:52  Zerg Missile Weapons Level 1, Extractor  
  80  6:02  Drone x2  
  80  6:03  Drone  
  81  6:07  Zergling x12  
  87  6:16  Overlord x2  
  87  6:17  Overseer  
  87  6:20  Drone x3  
  87  6:21  Extractor  
  87  6:23  Glial Reconstitution  
  88  6:28  Drone x2  
  88  6:29  Drone x5  
  95  6:43  Baneling Nest  
  95  6:45  Overlord  
  94  6:48  Drone x7, Evolution Chamber  
  94  6:54  Overlord x3  
  100  6:55  Roach x3  
  100  6:58  Roach  
  100  6:59  Overseer  
  100  7:00  Pneumatized Carapace  
  108  7:06  Roach x6  
  122  7:08  Roach  
  122  7:10  Roach  
  122  7:12  Roach x2  
  122  7:14  Roach x3  
  121  7:21  Roach  
  121  7:22  Roach x3  
  129  7:25  Roach  
  131  7:36  Roach x5  
  139  7:42  Roach x3  
  136  7:46  Roach x2  
  136  7:49  Roach  
Show
View Real Time Build Order
Export as new Build Order

PtitDrogo Protoss - Winner!

Build Orders: 1 Gate Expand, Oracle Opening, Zealot Archon 

Get SALT Encoding   

  12  0:00  Probe  
  13  0:12  Probe  
  14  0:20  Pylon  
  14  0:24  Probe  
  15  0:38  Probe (Chrono Boost)  
  15  0:40  Gateway  
  16  0:47  Probe (Chrono Boost)  
  16  0:49  Assimilator  
  17  0:52  Probe (Chrono Boost)  
  18  1:04  Probe  
  19  1:16  Probe  
  20  1:25  Nexus  
  20  1:36  Cybernetics Core  
  20  1:38  Probe  
  21  1:46  Assimilator  
  21  1:51  Probe  
  22  1:55  Pylon  
  22  2:03  Probe  
  23  2:11  Adept (Chrono Boost)  
  23  2:15  Probe  
  26  2:17  Stargate  
  26  2:26  Warp Gate  
  26  2:28  Probe (Chrono Boost)  
  27  2:33  Adept  
  29  2:37  Probe (Chrono Boost)  
  31  2:45  Probe (Chrono Boost)  
  31  2:47  Probe (Chrono Boost)  
  32  2:52  Probe x2 (Chrono Boost)  
  34  2:58  Oracle (Chrono Boost)  
  34  3:04  Probe x2  
  39  3:12  Pylon  
  39  3:16  Probe x2  
  39  3:18  Gateway  
  41  3:25  Oracle (Chrono Boost)  
  44  3:28  Probe  
  44  3:29  Probe  
  46  3:40  Probe  
  47  3:41  Probe  
  48  3:50  Nexus, Pylon  
  48  3:53  Probe x2  
  50  3:59  Oracle  
  53  4:05  Probe, Assimilator  
  53  4:07  Assimilator  
  53  4:08  Probe  
  55  4:10  Pylon  
  55  4:14  Adept  
  57  4:18  Probe  
  57  4:20  Probe  
  59  4:30  Probe  
  60  4:32  Probe (Chrono Boost)  
  58  4:39  Twilight Council, Forge  
  58  4:42  Probe (Chrono Boost)  
  58  4:45  Robotics Facility, Probe (Chrono Boost)  
  60  4:47  Zealot x2  
  60  4:51  Probe (Chrono Boost)  
  60  4:52  Probe (Chrono Boost)  
  66  4:54  Shield Battery  
  66  4:56  Probe (Chrono Boost)  
  66  4:58  Pylon  
  66  4:59  Probe  
  68  5:07  Charge  
  68  5:08  Probe  
  68  5:10  Probe  
  68  5:11  Probe  
  68  5:13  Protoss Ground Weapons Level 1 (Chrono Boost)  
  71  5:20  Probe  
  72  5:22  Probe  
  72  5:23  Probe  
  72  5:24  Templar Archives  
  72  5:27  Gateway  
  74  5:28  Gateway  
  74  5:33  Gateway  
  74  5:34  Gateway  
  74  5:36  Observer (Chrono Boost)  
  74  5:42  Gateway x2, Probe  
  76  5:43  Probe  
  76  5:44  Probe  
  76  5:48  Gateway  
  78  5:53  Warp Prism  
  80  6:06  Probe x2, Pylon  
  80  6:08  Assimilator x2  
  80  6:10  High Templar x2  
  86  6:14  Archon  
  86  6:19  Pylon  
  86  6:21  Pylon  
  86  6:22  Pylon  
  86  6:23  Pylon  
  86  6:31  Zealot x2, High Templar x2  
  94  6:37  Archon  
  94  6:40  Observer  
  94  6:47  Probe  
  94  6:48  Probe x2, High Templar x2  
  94  6:49  Zealot x3  
  94  6:51  Nexus  
  94  6:52  Archon  
  94  6:54  Zealot x2  
  109  6:55  Pylon  
  109  6:57  Photon Cannon  
  111  7:04  Zealot  
  111  7:05  Zealot  
  115  7:10  Zealot x3  
  115  7:15  High Templar  
  123  7:16  High Templar  
  123  7:20  Archon  
  125  7:24  Zealot x2  
  125  7:25  Zealot x2  
  133  7:35  Probe  
  132  7:40  Zealot x3  
  124  7:52  Zealot x6  
  124  7:58  Probe x2  
  116  8:07  Zealot x3  
Tags
 
Add a new tag
Caveats
  • Supply blocks, unpowered buildings, or Contaminate may cause inaccurate times.
  • Supply counts are checked every 10 seconds.